 Dungeon Crawl Stone Soup version 0.20-a0-433-g9e36e56 (webtiles) character file.

65 Derfel the Conjurer (level 3, -1/20 HPs)
             Began as a Deep Elf Conjurer on Jan 4, 2017.
             Was an Initiate of Vehumet.
             Killed by nerve-wracking pain
             ... invoked by an orc priest
              (2 damage)
             ... on level 3 of the Dungeon.
             The game lasted 00:08:09 (1926 turns).

Derfel the Conjurer (Deep Elf Conjurer)             Turns: 1926, Time: 00:08:10

Health: -1/20      AC:  3    Str:  9    XL:     3   Next: 92%
Magic:  1/10       EV: 13    Int: 20    God:    Vehumet [......]
Gold:   122        SH:  0    Dex: 15    Spells: 7/10 levels left

rFire  . . .     SeeInvis .     s - +0 short sword
rCold  . . .     Gourm    .     a - +0 robe
rNeg   . . .     Faith    .     (no shield)
rPois  .         Spirit   .     (no helmet)
rElec  .         Reflect  .     (no cloak)
rCorr  .         Harm     .     e - +0 pair of gloves
MR     .....                    (no boots)
Stlth  ++........               (no amulet)
                                (no ring)
                                p - +4 ring of strength

@: very slightly contaminated, invisible
A: no striking features
a: Renounce Religion


You were on level 3 of the Dungeon.
You worshipped Vehumet.
Vehumet was noncommittal.
You were not hungry.

You visited 1 branch of the dungeon, and saw 3 of its levels.

You collected 122 gold pieces.

Inventory:

Hand Weapons
 s - a +0 short sword (weapon)
Missiles
 g - 95 stones (quivered)
Armour
 a - a +0 robe (worn)
 e - a +0 pair of gloves (worn)
 j - a +0 leather armour
Jewellery
 p - a +4 ring of strength (left hand)
Scrolls
 i - a scroll of enchant weapon {unknown}
Potions
 f - 2 potions of flight {unknown}
 k - 3 potions of curing {unknown}
 n - 2 potions of resistance {unknown}
Books
 b - a book of Conjurations

   Spells                             Type                      Level
   a - Magic Dart                     Conjuration                  1
   b - Searing Ray                    Conjuration                  2
   c - Dazzling Spray                 Conjuration/Hexes            3
   d - Fulminant Prism                Conjuration/Hexes            4
   e - Iskenderun's Mystic Blast      Conjuration                  4
   f - Iskenderun's Battlesphere      Conjuration/Charms           5
Comestibles
 c - 2 bread rations
 h - 4 chunks of flesh
 l - a beef jerky
 q - a royal jelly
 r - a slice of pizza


   Skills:
 + Level 1.4 Fighting
 - Level 2.4 Dodging
 - Level 2.4 Stealth
 + Level 4.2 Spellcasting
 + Level 4.9 Conjurations


You had 7 spell levels left.
You knew the following spells:

 Your Spells              Type           Power        Failure   Level  Hunger
a - Magic Dart            Conj           ###.         1%          1    None
b - Searing Ray           Conj           ###...       2%          2    #......


Dungeon Overview and Level Annotations

Branches:
Dungeon (3/15)

Altars:
Vehumet

Annotations:
D:3 Terence


Message History

The orc priest mumbles some strange prayers to Beogh against you.
Beogh smites you!
Ouch! That really hurt!
Pain shoots through your body!
* * * LOW HITPOINT WARNING * * *
The bat hits you but does no damage.
The orc wizard gestures at you while chanting.
The puff of flame hits something.
The bat barely misses you. The bat hits you.
* * * LOW HITPOINT WARNING * * *
The orc wizard gestures wildly while chanting.
The orc wizard flickers and vanishes!
The bat closely misses you.
You fade into invisibility!
The bat misses you.
You are very lightly contaminated with residual magic.
You hear something mumble some strange prayers to Beogh against the orc priest.
The orc priest is healed somewhat.
Found a royal jelly and 15 gold pieces.
Found a stone staircase leading down.
Pain shoots through your body!
You die...

*,,,,*,,,,***,,,**
#.######*,,,,,,,,* *****
*....#..,,***,,,,* ***,,,*
#....#$#***,,,,*,* ***,+,,,*
#...$..#***,****,* *,,**,,,*
#.......,,,,,***,* ,********
#...,..#**,,,,,,,* **
#..#*#.##*,,,**********
#..###@.##..>,,,,,,,,,,
###########..o........#**********
.............{..........,,,,,,,*
#..###.###...#####.##.##******,*
#...................%,# *,**
#..##..###).........#.# *,,*
..............####,.#,# **,*
)..........#### *,.#,**** *,*
...##[###### *,,,,,,,* *,,


You could see an orc priest.

Vanquished Creatures
  An adder (D:3)
  An ooze (D:2)
  2 worms (D:2)
  A dart slug (D:2)
  2 leopard geckos
  5 orcs (D:3)
  A giant cockroach (D:1)
  3 goblins
  5 hobgoblins
  5 kobolds
  A quokka (D:2)
  A bat (D:2)
  4 frilled lizards
  5 rats
37 creatures vanquished.

Notes
Turn   | Place    | Note
-------+----------+-------------------------------------------
     0 | D:1      | Derfel the Deep Elf Conjurer began the quest for the Orb.
     0 | D:1      | Reached XP level 1. HP: 10/10 MP: 6/6
   303 | D:1      | Reached XP level 2. HP: 16/16 MP: 4/8
   307 | D:1      | Learned a level 2 spell: Searing Ray
   960 | D:2      | Reached skill level 1 in Fighting
  1066 | D:2      | Reached XP level 3. HP: 20/20 MP: 2/10
  1414 | D:3      | Found a radiant altar of Vehumet.
  1433 | D:3      | Became a worshipper of Vehumet
  1547 | D:3      | Noticed Terence
  1920 | D:3      | HP: 1/20 [something/nerve-wracking pain (7)]
  1926 | D:3      | Killed from afar by an orc priest

Vault maps used:
D:1:      minmay_arrival_up_and_down
D:2:      first_bread, kennysheep_generic_room_7
D:3:      nicolae_overflow_crystal_walls, lemuel_round_altar, vehumet_crystals,
          uniq_terence, uniq_crazy_yiuf_cottage

Skill      XL: |  1  2  3 |
---------------+----------+-----
Fighting       | 1 |  1.4
Spellcasting   | 4 |  4.2
Dodging        | |  2.4
Stealth        | |  2.4
Conjurations   | |  4.9

Action                   || total
-------------------------++-------
 Cast: Magic Dart        ||    71
       Searing Ray       ||     5
  Use: Scroll            ||     4
       Potion            ||     1
  Eat: Chunk             ||     3
Armor: Robe              ||     3
Dodge: Dodged            ||    15
